Map: Chantier naval orbital

Players

AgCl - Winner!

  • Race: Protoss Protoss

NvrGoFurther

  • Race: Zerg Zerg

VOD

Have the link to the VOD?

Description

Time

  • Played on: May 15, 2015, 9:15 p.m.
  • Length: 17:11
Show
View Real Time Build Order
Export as new Build Order

AgCl Protoss - Winner!

Build Orders:  

Get SALT Encoding   

  12  0:03  Probe  
  13  0:20  Pylon  
  13  0:22  Probe  
  14  0:31  Assimilator  
  14  0:38  Probe  
  15  0:43  Gateway  
  15  0:50  Probe  
  16  1:02  Probe  
  17  1:09  Gateway  
  17  1:14  Probe (Chrono Boost)  
  19  1:26  Probe (Chrono Boost)  
  19  1:33  Pylon  
  19  1:35  Cybernetics Core  
  19  1:42  Probe (Chrono Boost)  
  21  1:54  Probe (Chrono Boost)  
  21  2:03  Probe (Chrono Boost)  
  21  2:08  Assimilator  
  22  2:12  Probe  
  22  2:13  Adept (Chrono Boost)  
  22  2:15  Warp Gate (Chrono Boost)  
  27  2:21  Adept (Chrono Boost)  
  27  2:26  Gateway  
  27  2:31  Probe  
  28  2:37  Pylon  
  28  2:41  Gateway  
  28  2:44  Adept  
  30  2:55  Mothership Core (Chrono Boost)  
  30  2:57  Adept  
  34  3:20  Nexus  
  34  3:23  Probe  
  35  3:47  Stargate  
  34  4:23  Pylon  
  34  4:29  Nexus  
  34  4:32  Pylon  
  34  4:33  Probe (Chrono Boost)  
  34  4:35  Oracle (Chrono Boost)  
  39  4:38  Probe (Chrono Boost)  
  39  4:43  Probe (Chrono Boost)  
  41  4:46  Probe (Chrono Boost)  
  41  4:51  Probe (Chrono Boost)  
  42  4:57  Probe (Chrono Boost)  
  44  5:02  Probe (Chrono Boost)  
  44  5:04  Probe (Chrono Boost)  
  45  5:10  Fleet Beacon  
  45  5:11  Pylon  
  37  5:22  Void Ray (Chrono Boost)  
  41  5:37  Carrier (Chrono Boost)  
  41  5:49  Graviton Catapult  
  41  5:57  Probe (Chrono Boost)  
  41  5:59  Assimilator  
  41  6:02  Forge  
  50  6:05  Probe (Chrono Boost), Assimilator  
  50  6:08  Probe (Chrono Boost)  
  50  6:09  Probe (Chrono Boost)  
  52  6:20  Probe (Chrono Boost)  
  52  6:21  Probe (Chrono Boost)  
  52  6:22  Assimilator  
  52  6:24  Probe (Chrono Boost)  
  54  6:32  Probe (Chrono Boost)  
  56  6:33  Probe (Chrono Boost)  
  56  6:36  Probe, Pylon  
  57  6:40  Probe, Carrier (Chrono Boost)  
  57  6:43  Probe  
  57  6:46  Photon Cannon  
  59  6:47  Protoss Air Weapons Level 1 (Chrono Boost)  
  59  6:48  Probe (Chrono Boost)  
  61  6:57  Probe (Chrono Boost)  
  61  6:58  Assimilator  
  61  7:00  Probe (Chrono Boost)  
  61  7:01  Probe (Chrono Boost)  
  69  7:07  Probe (Chrono Boost)  
  71  7:10  Probe (Chrono Boost)  
  71  7:11  Photon Cannon  
  72  7:17  Probe x2 (Chrono Boost)  
  74  7:23  Probe (Chrono Boost)  
  74  7:25  Probe (Chrono Boost)  
  75  7:30  Twilight Council  
  75  7:33  Carrier (Chrono Boost)  
  75  7:34  Stargate  
  77  7:37  Probe x2 (Chrono Boost)  
  77  7:41  Probe (Chrono Boost)  
  78  7:49  Probe (Chrono Boost)  
  85  7:58  Pylon  
  85  8:00  Probe (Chrono Boost)  
  86  8:08  Carrier (Chrono Boost)  
  86  8:10  Probe (Chrono Boost)  
  89  8:14  Probe (Chrono Boost)  
  89  8:17  Probe (Chrono Boost)  
  95  8:28  Templar Archives  
  95  8:34  Gateway  
  95  8:35  Gateway  
  95  8:38  Probe x2  
  95  8:39  Pylon  
  97  8:44  Protoss Air Weapons Level 2  
  97  8:46  Pylon, Carrier (Chrono Boost)  
  97  8:48  Photon Cannon  
  97  8:49  Pylon  
  97  8:57  Psionic Storm  
  97  8:59  Charge  
  103  9:10  Dark Shrine  
  103  9:13  Pylon  
  103  9:16  Protoss Ground Weapons Level 1  
  103  9:24  Pylon  
  103  9:28  Nexus  
  103  9:30  Probe  
  104  9:32  Probe  
  104  9:33  Carrier (Chrono Boost)  
  105  9:57  Probe  
  105  9:59  Carrier (Chrono Boost)  
  112  10:04  Photon Cannon  
  112  10:06  Photon Cannon  
  112  10:07  Pylon  
  112  10:08  Gateway x2  
  118  10:19  Assimilator  
  118  10:24  Stargate  
  118  10:25  Robotics Facility  
  118  10:26  Carrier (Chrono Boost)  
  124  10:50  Assimilator  
  124  10:55  Carrier  
  121  11:08  Pylon  
  120  11:14  High Templar  
  120  11:15  High Templar x3  
  128  11:23  Carrier  
  138  11:30  Dark Templar  
  140  11:34  Dark Templar x2  
  135  11:47  Zealot  
  135  11:48  Zealot  
  139  11:56  Observer (Chrono Boost)  
  139  12:01  Carrier (Chrono Boost)  
  146  12:04  Gateway  
  146  12:05  Pylon  
  146  12:07  Photon Cannon  
  146  12:08  Pylon  
  146  12:10  Pylon  
  146  12:11  Observer (Chrono Boost)  
  147  12:22  Stargate  
  147  12:24  Zealot x4  
  147  12:25  Pylon  
  147  12:26  Zealot  
  157  12:35  Warp Prism (Chrono Boost)  
  165  12:41  Protoss Air Armor Level 1 (Chrono Boost)  
  165  12:43  Protoss Ground Weapons Level 2 (Chrono Boost)  
  165  12:44  Pylon  
  165  12:46  Carrier (Chrono Boost)  
  165  12:51  Cybernetics Core  
  161  13:05  Dark Templar  
  159  13:14  Pylon  
  159  13:15  Dark Templar  
  159  13:19  Gateway  
  161  13:22  Robotics Bay  
  161  13:24  Gateway x2  
  161  13:25  Pylon  
  161  13:45  Pylon  
  161  14:16  Protoss Air Weapons Level 3 (Chrono Boost)  
  161  14:22  Zealot x4  
  161  14:23  Zealot x3  
  175  14:27  Observer Gravitic Boosters (Chrono Boost)  
  175  14:37  Protoss Shields Level 1 (Chrono Boost)  
  161  14:51  Forge  
  161  14:59  Protoss Air Armor Level 2 (Chrono Boost), Pylon  
  161  15:07  Gravitic Drive  
  161  15:14  Assimilator  
  161  15:15  Pylon  
  161  15:17  Pylon  
  161  15:27  Zealot  
  163  15:36  Nexus  
  163  15:38  Photon Cannon  
  163  15:42  Photon Cannon  
  163  15:43  Pylon, Assimilator  
  163  15:48  Zealot x3  
  163  15:49  Zealot x5  
  177  15:50  Zealot x2  
  181  16:09  Zealot x3  
  181  16:10  Zealot x5  
  181  16:11  Zealot x2  
Show
View Real Time Build Order
Export as new Build Order

NvrGoFurther Zerg 

Build Orders: Hatch First 

Get SALT Encoding   

  12  0:02  Drone  
  13  0:11  Drone  
  14  0:18  Drone, Extractor  
  15  0:27  Overlord  
  15  0:47  Drone x3  
  18  1:07  Hatchery  
  17  1:17  Drone  
  17  1:18  Drone, Extractor, Spawning Pool  
  17  1:33  Drone  
  17  1:34  Drone  
  19  2:07  Drone, Spine Crawler  
  19  2:08  Drone x2, Spine Crawler  
  20  2:10  Spine Crawler  
  20  2:13  Queen  
  21  2:22  Drone  
  22  2:24  Queen  
  22  2:26  Drone  
  25  2:38  Metabolic Boost  
  25  2:39  Zergling x2  
  26  2:52  Queen  
  26  2:54  Overlord  
  28  3:14  Drone x4  
  28  3:15  Drone x2  
  34  3:27  Drone x2  
  35  3:45  Roach Warren  
  34  3:59  Overlord x2  
  34  4:00  Overlord x2  
  34  4:18  Zergling x2  
  34  4:19  Zergling x14  
  42  4:29  Roach x5  
  52  4:55  Spore Crawler  
  51  5:01  Roach  
  51  5:02  Roach x2  
  57  5:11  Drone x3  
  57  5:12  Drone x2  
  56  5:33  Hatchery  
  55  5:38  Spore Crawler  
  54  5:55  Drone x6  
  62  5:59  Lair  
  62  6:03  Extractor  
  59  6:04  Extractor  
  59  6:07  Extractor  
  57  6:13  Drone x2  
  57  6:14  Overlord x3  
  57  6:16  Ravager  
  60  6:31  Drone  
  61  6:35  Drone x3  
  61  6:36  Drone x2  
  66  6:46  Drone  
  67  6:59  Queen  
  69  7:04  Spore Crawler  
  69  7:06  Hydralisk Den  
  69  7:07  Drone x2  
  69  7:11  Evolution Chamber  
  69  7:12  Drone x5  
  69  7:13  Evolution Chamber  
  69  7:14  Drone x2  
  74  7:32  Overlord x3  
  74  7:40  Muscular Augments  
  74  7:42  Zerg Ground Armor Level 1  
  74  7:43  Zerg Missile Weapons Level 1  
  74  7:50  Hydralisk  
  74  7:51  Hydralisk x5  
  76  7:55  Drone x3  
  76  7:56  Drone  
  90  7:59  Glial Reconstitution  
  90  8:30  Overlord  
  90  8:31  Overlord, Hydralisk x2  
  90  8:32  Hydralisk x5  
  104  8:38  Drone x4  
  104  8:40  Drone x2  
  110  8:41  Drone x2  
  112  8:50  Infestation Pit  
  111  9:11  Hatchery  
  111  9:13  Roach x9  
  111  9:15  Overlord x5  
  128  9:17  Lurker Den  
  128  9:21  Extractor  
  128  9:23  Extractor  
  126  9:29  Hive  
  126  10:08  Roach x9  
  126  10:09  Roach  
  126  10:10  Roach  
  148  10:16  Burrow  
  148  10:24  Drone  
  149  10:36  Hydralisk x5  
  149  10:37  Hydralisk x2  
  160  11:19  Hydralisk x7  
  160  11:20  Hydralisk  
  104  11:48  Spire  
  83  12:06  Hydralisk x2  
  83  12:07  Hydralisk x6  
  83  12:08  Hydralisk x4  
  103  12:34  Spore Crawler  
  103  12:35  Spore Crawler  
  103  12:36  Spore Crawler  
  100  12:49  Hydralisk x6  
  100  12:50  Hydralisk x5  
  122  13:08  Corruptor  
  122  13:09  Corruptor  
  126  13:16  Hatchery  
  125  13:39  Corruptor x4  
  133  13:46  Drone  
  134  13:53  Corruptor  
  136  14:02  Corruptor  
  138  14:09  Extractor  
  135  14:23  Pneumatized Carapace  
  135  14:47  Corruptor x4  
  143  15:01  Corruptor x2  
  143  15:02  Overlord x2  
  143  15:03  Overlord  
  147  15:20  Drone  
  147  15:21  Drone x2  
  150  15:22  Overlord x2  
  150  15:30  Baneling Nest  
  149  15:42  Spire  
  149  15:43  Hatchery  
  149  15:44  Corruptor, Extractor  
  149  16:00  Spine Crawler  
  146  16:12  Overseer  
  143  16:41  Corruptor x5  
Tags
 
Add a new tag
Caveats
  • Supply blocks, unpowered buildings, or Contaminate may cause inaccurate times.
  • Supply counts are checked every 10 seconds.